 Dungeon Crawl Stone Soup version 0.30-a0-365-ge7f957f1db (webtiles) character file.

Game seed: 7370580963918471937

1 leviel the Trooper (level 1, 0/19 HPs)
             Began as a Hill Orc Fighter on Nov 18, 2022.
             Slain by a gnoll
             ... wielding a +0 spear
              (6 damage)
             ... on level 1 of the Dungeon.
             The game lasted 00:00:06 (25 turns).

leviel the Trooper (Hill Orc Fighter)                 Turns: 25, Time: 00:00:06

Health: 0/19       AC:  6    Str: 18    XL:     1   Next: 20%
Magic:  1/1        EV:  9    Int:  8    God:
Gold:   0          SH:  4    Dex: 10    Spells: 0/0 levels left

rFire   . . .      SeeInvis .    a - +0 war axe
rCold   . . .      Faith    .    c - +0 buckler
rNeg    . . .      Spirit   .    b - +0 scale mail
rPois   .          Reflect  .    (no helmet)
rElec   .          Harm     .    (no cloak)
rCorr   .          Rampage  .    (no gloves)
Will    .....                    (no boots)
Stlth   ..........               (no amulet)
HPRegen 0.23/turn                (no ring)
MPRegen 0.07/turn                (no ring)

@: no status effects
A: no striking features
a: no special abilities


You were on level 1 of the Dungeon.
You visited 1 branch of the dungeon, and saw 1 of its levels.

Inventory:

Hand Weapons
 a - a +0 war axe (weapon)
Armour
 b - a +0 scale mail (worn)
 c - a +0 buckler (worn)
Potions
 d - a potion of might


   Skills:
 + Level 3.6 Fighting
 + Level 2.7 Axes
 + Level 3.3 Armour
 + Level 3.3 Shields


You couldn't memorise any spells.
You didn't know any spells.
Your spell library contained the following spells:

 Spells                   Type           Power      Damage    Failure   Level
 Ignite Poison            Fire/Tmut/Pois 0%         N/A       99%         3
 Kindle Blastsparks       Fire/Tloc/Air  0%         2d10      99%         3
 Freezing Cloud           Conj/Ice/Air   0%         6-21      100%        5


Dungeon Overview and Level Annotations

Branches:
Dungeon (1/15)

Altars:


Message History

Found a stone staircase leading down.
A goblin comes into view. It is wielding a +1 dagger of venom.
The goblin shouts!
A kobold comes into view. It is wielding a +0 short sword.
The kobold shouts!
You hear a shout!
Found 15 gold pieces.
The goblin hits you with a +1 dagger of venom.
You are poisoned.
You slash the goblin!
You kill the goblin!
You feel very sick.
You are too injured to fight recklessly!
You are too injured to fight recklessly!
You are too injured to fight recklessly!
You are too injured to fight recklessly!
You are too injured to fight recklessly!
You are too injured to fight recklessly!
You are too injured to fight recklessly!
You are too injured to fight recklessly!
You are too injured to fight recklessly!
You are too injured to fight recklessly!
A kobold is nearby!
A kobold is nearby!
A gnoll comes into view. It is wielding a +0 spear.
You feel sick.
The gnoll shouts!
You hear a shout!
You barely miss the kobold.
You feel sick.
The gnoll hits you from afar with a +0 spear.
The kobold barely misses you.
You closely miss the kobold.
You feel sick. The gnoll barely misses you.
A goblin comes into view. It is wielding a +0 club.
The kobold hits you with a +0 short sword.
The kobold barely misses you. You block the gnoll's attack.
You slash the kobold!
You kill the kobold!
You feel sick.
You are no longer poisoned.
The gnoll barely misses you. The gnoll hits you with a +0 spear.
You die...

.~~≈~.~≈≈≈.#.####.###♣.♣##
.~~~~.~~~~...............
.~~~~.~~~~.###....###♣.♣#
.~~~~.~~~≈.# #.##........
.~~~~.~~~~.# #.##.#.#♣.♣#
≈≈.~≈≈≈.# #.##...# .≈~≈≈
#.##..## .P~~P...#g##.).#
#...g@)#.# #.###..#.#
#..#.. #..##.. ...# .♣
..$.. .. ..... ......


You could see a gnoll and a goblin.

Vanquished Creatures
  A goblin (D:1)
  A kobold (D:1)
2 creatures vanquished.

Notes
Turn   | Place    | Note
-------+----------+-------------------------------------------
     0 | D:1      | leviel the Hill Orc Fighter began the quest for the Orb.
     0 | D:1      | Reached XP level 1. HP: 19/19 MP: 1/1
    25 | D:1      | Slain by a gnoll

Illustrated notes

Levels and vault maps discovered:
D:1:      giann_bridges, layout_loops_ring, serial_forest,
          infiniplex_forest_lined_3, infiniplex_forest_lined_3_way,
          infiniplex_forest_clump_small, infiniplex_forest_lined_2,
          infiniplex_forest_lined_2, infiniplex_forest_clump_small

Action                   || total
-------------------------++-------
Melee: War axe           ||     4
Dodge: Dodged            ||     4
Block: Buckler           ||     1

Table legend: (Time is in decaauts)
 A = Elapsed time spent in this place.
 B = Non-inter-level travel time spent in this place.
 C = Inter-level travel time spent in this place.
 D = Time resting spent in this place.
 E = Time spent auto-exploring this place.
 F = Levels seen in this place.
 G = Mean time per level.
                   A        B        C        D        E       F      G
               +--------+--------+--------+--------+--------+-----+--------+
         Total |     26 |     26 |      0 |      0 |     14 |   1 |   26.0 |
       Dungeon |     26 |     26 |      0 |      0 |     14 |   1 |   26.0 |
               +--------+--------+--------+--------+--------+-----+--------+

Top non-repeatable levels by time:
     D:1: 26 daAuts
